 Dungeon Crawl Stone Soup version 0.32-a0-893-gf85d74f360 (webtiles) character file.

Game seed: 442809002903972131

503753 McSplat the Warrior (level 23, -12/213 (215) HPs)
             Began as a Grey Draconian Ice Elementalist on Mar 31, 2024.
             Was the Champion of Dithmenos.
             Killed from afar by a quicksilver dragon (29 damage)
             ... with a bolt of dispelling energy
             ... on level 1 of the Realm of Zot on Apr 4, 2024.
             The game lasted 06:12:43 (63754 turns).

McSplat the Warrior (DrIE)                         Turns: 63754, Time: 06:12:44

HP:   -12/213 (215) AC: 25    Str: 11    XL:     23   Next: 80%
MP:   17/37         EV: 20    Int: 25    God:    Dithmenos [******]
Gold: 3113          SH:  0    Dex: 13    Spells: 3/42 levels left

rFire   + + .        a - +8 pair of quick blades "Gyre" and "Gimble" {protect}
rCold   + . .        (shield currently unavailable)
rNeg    + . .        (body armour unavailable)
rPois   .            T - +2 hat {Will+}
rElec   .            e - +2 cloak {rCorr}
rCorr   +            R - +0 pair of gloves of the Vaults {rF+ Stlth+}
SInv    .            C - +2 pair of boots
Will    ++...        L - amulet of regeneration
Stlth   +++++++++    N - ring of protection from cold
HPRegen 1.35/turn    j - ring of Life {Fire rN+ Slay+2}
MPRegen 0.25/turn

%: no passive effects
@: flying, wreathed by umbra, lightly drained
A: mud breath, mud-swimmer, AC +16, amphibious, unfitting armour, cold-blooded,
big wings, clever 1, clumsy 1, cold resistance 1, MP-powered wands
}: 3/15 runes: decaying, abyssal, gossamer
a: Mud Breath, Renounce Religion, Shadow Step, Shadow Form


You were on level 1 of the Realm of Zot.
You worshipped Dithmenos.
Dithmenos was exalted by your worship.
You visited 10 branches of the dungeon, and saw 44 of its levels.
You visited the Abyss 1 time.

You collected 5496 gold pieces.
You spent 2383 gold pieces at shops.

Inventory:

Hand Weapons
 a - the +8 pair of quick blades "Gyre" and "Gimble" (weapon) {protect}
   (You found it on level 10 of the Dungeon)
 Y - the +12 quick blade "Mexatha" {drain, rC+ Dex+3}
   (You acquired it on level 6 of the Dungeon)

   Dex+3:     It affects your dexterity (+3).
   rC+:       It protects you from cold.
Missiles
 H - 2 throwing nets (quivered)
Armour
 e - a +2 cloak of preservation (worn)
 C - a +2 pair of boots (worn)
 R - the +0 pair of gloves of the Vaults (worn) {rF+ Stlth+}
   (You acquired it on level 2 of the Swamp)

   rF+:       It protects you from fire.
   Stlth+:    It makes you more stealthy.
 T - a +2 hat of willpower (worn)
 Z - a scarf of shadows
Magical Staves
 b - a staff of earth
Jewellery
 d - an amulet of the acrobat
 j - the ring of Life (right hand) {Fire rN+ Slay+2}
   (You took it off a deep elf death mage on level 3 of the Elven Halls)

   [ring of fire]

   Fire:      It enhances your fire magic.
   Slay+2:    It affects your accuracy & damage with ranged weapons and melee
   (+2).
   rF+:       It protects you from fire.
   rC-:       It makes you vulnerable to cold.
   rN+:       It protects you from negative energy.
 r - a +4 ring of protection
 L - an amulet of regeneration (around neck)
 N - a ring of protection from cold (left hand)
 U - an amulet of reflection
 V - a ring of resist corrosion
 X - a ring of poison resistance
Wands
 q - a wand of polymorph (31)
 s - a wand of paralysis (29)
 y - a wand of roots (30)
 I - a wand of flame (11)
 P - a wand of mindburst (33)
 W - a wand of digging (25)
Scrolls
 c - 8 scrolls of teleportation
 o - a scroll of amnesia
 x - 4 scrolls of silence
 A - 5 scrolls of fog
 D - 21 scrolls of identify
 E - 2 scrolls of summoning
 F - 2 scrolls of enchant armour
 M - 5 scrolls of fear
 Q - 3 scrolls of revelation
Potions
 f - 10 potions of brilliance
 i - 6 potions of resistance
 k - 8 potions of curing
 l - 2 potions of magic
 n - a potion of mutation
 p - a potion of invisibility
 t - a potion of might
 v - a potion of enlightenment
 z - 6 potions of haste
 G - 2 potions of berserk rage
 J - 6 potions of ambrosia
 O - 2 potions of cancellation
Miscellaneous
 h - a phantom mirror
 K - a condenser vane


   Skills:
 - Level 20.0 Fighting
 + Level 16.1 Short Blades
 - Level 6.7 Staves
 - Level 20.0 Dodging
 - Level 10.0 Stealth
 - Level 10.0 Spellcasting
 - Level 16.0 Conjurations
 - Level 2.0 Hexes
 - Level 3.0 Summonings
 - Level 10.0 Necromancy
 - Level 8.0 Ice Magic
 - Level 16.0 Earth Magic
 - Level 10.0 Invocations
 - Level 10.0 Evocations


You had 3 spell levels left.
You knew the following spells:

 Your Spells              Type           Power      Damage    Failure   Level
a - Magic Dart            Conj           100%       1d8       0%          1
b - Permafrost Eruption   Ice/Erth       32%        2x4d8     5%          6
c - Ozocubu's Armour      Ice            51%        N/A       1%          3
d - Bombard               Conj/Erth      37%        9d7       1%          6
e - Ensorcelled Hibernat  Hex/Ice        74%        N/A       1%          2
f - Brom's Barrelling Bo  Conj/Erth      75%        2d9       1%          4
g - Borgnjor's Vile Clut  Necr/Erth      33%        N/A       1%          5
h - Lee's Rapid Deconstr  Erth           37%        3d19*     1%          5
i - Orb of Destruction    Conj           37%        9d11      6%          7

Your spell library contained the following spells:

 Spells                   Type           Power      Damage    Failure   Level
 Sandblast                Erth           100%       2d20      0%          1
 Searing Ray              Conj           100%       2d8       0%          2
 Freeze                   Ice            100%       1d10      1%          1
 Necrotise                Necr           100%       1d9       1%          1
 Sting                    Conj/Alch      100%       1d9       1%          1
 Cigotuvi's Dreadful Rot  Necr/Alch/Air  58%        N/A       1%          2
 Sublimation of Blood     Necr           58%        N/A       1%          2
 Dazzling Flash           Conj/Hex       100%       N/A       1%          3
 Frozen Ramparts          Ice            100%       1d16      1%          3
 Fugue of the Fallen      Necr           58%        N/A       1%          3
 Hailstorm                Conj/Ice       64%        3d12      1%          3
 Mephitic Cloud           Conj/Alch/Air  39%        N/A       1%          3
 Passwall                 Erth           75%        N/A       1%          3
 Stone Arrow              Conj/Erth      100%       3d13      1%          3
 Summon Ice Beast         Ice/Summ       40%        N/A       1%          3
 Vampiric Draining        Necr           58%        2d10      1%          3
 Slow                     Hex            88%        N/A       2%          1
 Call Imp                 Summ           54%        N/A       2%          2
 Jinxbite                 Hex            44%        N/A       3%          2
 Apportation              Tloc           24%        N/A       4%          1
 Call Canine Familiar     Summ           27%        N/A       4%          3
 Confusing Touch          Hex            22%        N/A       6%          3
 Sigil of Binding         Hex            22%        N/A       6%          3
 Mercury Vapours          Alch/Air       24%        N/A       8%          2
 Swiftness                Air            12%        N/A       14%         3
 Animate Dead             Necr           58%        N/A       1%          4
 Dispel Undead            Necr           58%        3d21      1%          4
 Fulminant Prism          Conj/Alch      25%        3d13      1%          4
 Leda's Liquefaction      Alch/Erth      25%        N/A       1%          4
 Iskenderun's Battlesphe  Conj           75%        2d12      1%          5
 Curse of Agony           Necr           58%        N/A       2%          5
 Anguish                  Hex/Necr       21%        N/A       4%          4
 Arcjolt                  Conj/Air       25%        1d35      4%          5
 Freezing Cloud           Conj/Ice/Air   25%        6-21      4%          5
 Death Channel            Necr           29%        N/A       12%         6
 Cause Fear               Hex            11%        N/A       22%         4
 Summon Blazeheart Golem  Fire/Summ      30%        N/A       26%         4
 Summon Lightning Spire   Summ/Air       20%        N/A       26%         4
 Conjure Ball Lightning   Conj/Air       25%        3x3d7     28%         6
 Dimensional Bullseye     Hex/Tloc       8%         N/A       32%         4
 Ignite Poison            Fire/Alch      18%        N/A       43%         4
 Vhi's Electric Charge    Tloc/Air       24%        N/A       43%         4
 Spellforged Servitor     Conj/Summ      28%        N/A       63%         7
 Silence                  Hex/Air        8%         N/A       65%         5
 Alistair's Intoxication  Alch           8%         N/A       80%         5
 Sculpt Simulacrum        Ice/Alch       16%        N/A       82%         6
 Haunt                    Necr/Summ      22%        N/A       96%         7
 Borgnjor's Revivificati  Necr           29%        N/A       99%         8
 Infestation              Necr           29%        N/A       99%         8
 Eringya's Noxious Bog    Alch           6%         4d6       100%        6
 Plasma Beam              Fire/Air       9%         2x1d19    100%        6
 Malign Gateway           Summ/Tloc      10%        N/A       100%        7
 Summon Hydra             Summ           13%        N/A       100%        7
 Discord                  Hex            11%        N/A       100%        8
 Disjunction              Tloc           6%         N/A       100%        8
 Summon Horrible Things   Summ           13%        N/A       100%        8
 Death's Door             Necr           29%        N/A       100%        9
 Animate Armour           Summ/Erth      Unusable   N/A       N/A         4

Dungeon Overview and Level Annotations

Branches:
Dungeon (15/15)            Temple (1/1) D:6            Lair (5/5) D:10
  Swamp (4/4) Lair:2       Spider (4/4) Lair:2        Slime (0/5) Lair:5
    Orc (2/2) D:12            Elf (3/3) Orc:2        Vaults (4/5) D:13
  Crypt (0/3) Vaults:3     Depths (4/4) D:15            Zot (2/5) Depths:4

Altars:
Ashenzari
Cheibriados
Dithmenos
Elyvilon
Fedhas
Gozag
Kikubaaqudgha
Makhleb
Nemelex Xobeh
Okawaru
Qazlal
Ru
Sif Muna
Trog
Uskayaw
Vehumet
Wu Jian
Xom
Yredelemnul
Zin
Jiyva

Shops:
D:3 *   D:11 =   D:12 [   Orc:2 ((((   Elf:1 (   Vaults:1 *   Vaults:2 ?
Vaults:4 *   Depths:1 *

Portals:
Hell: Depths:1 Depths:2 Depths:3 Depths:4
Abyss: Lair:3 Depths:3
Pandemonium: Depths:2
Ziggurat: Depths:1

Annotations:
D:6 2 runed translucent doors, Biggs's ghost, novice DjCj
D:7 Joseph
D:15 6 transporters
Lair:1 exclusion: lindwurm
Lair:3 2 transporters, KennySheep's ghost, journeyman NaAl
Lair:4 Rupert
Swamp:4 2 transporters, exclusion: oklob plant, Rualuul's ghost, adept MfBe
Spider:4 1 runed translucent door, inkslinger's ghost, adept DjIE
Vaults:2 Bai Suzhen
Vaults:4 exclusion: door, Mennas
Depths:3 exclusion: obsidian statue
Depths:4 36 runed translucent doors
Zot:1 Josephina


Innate Abilities, Weirdness & Mutations

You can breathe torrents of mud.
You are unimpeded by mud.
Your dull iron-grey scales are very hard. (AC +16)
You are amphibious.
You cannot fit into any form of body armour.
You are cold-blooded and may be slowed by cold attacks.
Your large and strong wings let you fly.
Your mind is acute. (Int +4, Str/Dex -1)
You are clumsy. (Dex -2)
Your flesh is cold resistant. (rC+)
You expend magic power (3 MP) to strengthen your wands.


Message History

The black draconian knight hits you from afar with a +2 heavy bardiche!!
The black draconian breathes lightning at you.
The bolt of lightning misses the black draconian knight.
The bolt of lightning hits you!!
* * * LOW HITPOINT WARNING * * *
The black draconian knight casts a spell at you.
The shard of ice misses you.
The black draconian knight gestures at you while chanting.
The bolt of cold misses you.
A quicksilver dragon comes into view.
The storm dragon breathes lightning at you.
The bolt of lightning hits the black draconian knight.
The black draconian knight completely resists.
The bolt of lightning hits you!!
* * * LOW HITPOINT WARNING * * *
The quicksilver dragon roars deafeningly!
Unknown command.
Okay, then.
Unknown command.
The quicksilver dragon breathes dispelling energy at you.
The bolt of dispelling energy misses you.
The quicksilver dragon breathes dispelling energy at you.
The bolt of dispelling energy hits you!!
You feel strangely stable.
* * * LOW HITPOINT WARNING * * *
Unknown command.
Unknown command.
You feel better.
Okay, then.
Unknown command.
Casting: Bombard (mildly dangerous; 1% risk of failure)
Confirm with . or Enter, or press ? or * to list all spells.
Aiming: Bombard (mildly dangerous; 1% risk of failure)
Press: ? - help, Shift-Dir - straight line, f - quicksilver dragon
Aim: a quicksilver dragon (umbra, 60% to hit)
The iron shot hits the quicksilver dragon!!
The quicksilver dragon is moderately wounded.
The quicksilver dragon breathes dispelling energy at you.
The bolt of dispelling energy hits you!!
You die...

,,**,,dd#.......#..#.,..L*,###+#*
,,,**,.d'.!.....'..#..###*##...##
,,,,****#D⌠.....#......#.##.....#
*,,,,,* ##.D.?d##........#.......
*,,,,,** ##.dd##.....#.#.'.......
***,,,,** ###D#....###,###.......
,,**,,,,* ##.##/...,*** ##.....#
*,***,,,***#.q.#####.,,#**##...##
,,,,,,,,*,,#..##@.#,.**#..,#'####
,**,,,,##..#..#...##,.**#..#..#..
**,,,,*#..D..D.....#,**,*#....#..
*,,,,**#..#..........#,,,##....#.
,,,,**...,#####.#....#,,,#.....#.
,,,***.#*** ###..........#####.
,,,*,,,,,* *##.....###*...##
,,,***,*** **#....***,....#
,*,**,,,**** ***,,..#***,,.....


You could see a quicksilver dragon (catching breath).

Vanquished Creatures
  A dread lich (Depths:1)
  3 juggernauts
  4 caustic shrikes
  6 golden dragons
  Arachne (Spider:3)
  2 electric golems
  5 tentacled monstrosities
  2 hellephants (Depths:4)
  A walking crystal tome (Depths:2)
  3 liches (Depths:2)
  A titan (Depths:2)
  2 deep elf master archers (Elf:3)
  3 quicksilver dragons
  3 deep elf blademasters
  A death cob (Depths:4)
  5 sphinxes
  4 thorn hunters
  Aizul (Spider:4)
  6 shadow dragons
  A draconian monk (Depths:4)
  2 protean progenitors
  4 storm dragons
  3 tengu reavers
  8 fire giants
  2 fenstrider witches
  5 draconian knights
  5 emperor scorpions
  An iron dragon (Depths:2)
  9 frost giants
  5 deep elf sorcerers
  9 ghost moths
  2 draconian stormcallers (Zot:1)
  6 draconian scorchers
  2 deep elf elementalists (Elf:3)
  A spectral juggernaut (Depths:3)
  10 vault wardens
  4 draconian shifters
  An angel (Abyss:3)
  6 ghouls
  An orc warlord (Vaults:2)
  3 broodmothers
  A spriggan defender (Depths:2)
  3 vampire knights
  2 very ugly things
  A draconian annihilator (Depths:3)
  10 stone giants
  A formless jellyfish (Vaults:1)
  10 ironbound preservers
  3 ironbound thunderhulks
  9 deep elf death magi
  4 white draconians
  5 deep elf demonologists (Elf:3)
  2 ophanim (Abyss:3)
  3 black draconians (Zot:1)
  A hydra skeleton (Swamp:4)
  A green draconian (Zot:1)
  10 deep elf annihilators (Elf:3)
  5 purple draconians
  A spectral titan (Depths:3)
  3 eleionomae
  A red draconian (Zot:1)
  4 yellow draconians
  13 dire elephants
  2 bunyips
  6 spark wasps
  A blizzard demon (Depths:1)
  6 ettins
  2 crystal guardians
  6 yaktaur captains
  10 fire dragons
  A shambling mangrove (Swamp:2)
  9 vault guards
  3 rakshasas
  7 entropy weavers
  7 ice dragons
  8 jorogumos
  4 deep elf high priests
  2 great orbs of eyes
  2 catoblepae
  2 spectral tengu (Depths:3)
  2 spriggan air magi
  A death knight (Vaults:3)
  12 hydras
  4 ghost crabs
  A radroach (Spider:2)
  A hell beast (Depths:2)
  5 ironbound frosthearts
  A spectral fire giant (Depths:3)
  2 peacekeepers
  14 alligators
  A sphinx zombie (Depths:1)
  7 boulder beetles
  27 dancing weapons
  3 centaur warriors
  5 two-headed ogres
  6 deep troll earth magi
  3 tengu warriors
  6 death yaks (Lair:4)
  9 hell hogs
  2 thrashing horrors (Abyss:3)
  7 deep troll shamans
  3 vampire magi
  A shock serpent (shapeshifter) (Vaults:4)
  8 spriggan berserkers
  12 demonic crawlers
  4 orc high priests (Orc:2)
  25 deep elf knights
  A fire crab (Lair:5)
  25 hell knights
  A sixfirhy (Abyss:3)
  A skyshark (Lair:4)
  A shadow wraith (Depths:1)
  11 skeletal warriors
  47 deep trolls
  A mana viper (shapeshifter) (Vaults:3)
  A soul eater (D:15)
  2 cherubim (Abyss:3)
  5 iron trolls
  3 sun moths
  11 pharaoh ants
  8 orb spiders
  3 flayed ghosts
  6 bog bodies
  2 spectral hydras (Swamp:4)
  8 deep elf archers
  7 lindwurms
  9 arcanists
  3 goliath frogs (Swamp:4)
  9 spriggan druids
  3 glowing orange brains
  12 ironbound convokers
  5 harpies (Vaults:3)
  5 swamp dragons
  7 orc knights
  32 deep elf pyromancers
  5 necromancers
  A tengu zombie (Depths:1)
  42 deep elf zephyrmancers
  10 steelbarb worms
  36 wolf spiders
  4 manticores
  4 orc sorcerers (Orc:2)
  A large abomination (Abyss:3)
  31 ugly things
  9 spectral spriggans
  7 will-o-the-wisps
  A salamander (D:15)
  14 moths of wrath
  2 fire giant zombies
  A fire giant skeleton (Depths:1)
  3 kobold blastminers (Orc:2)
  A meliai (shapeshifter) (Elf:2)
  3 cyclopes
  2 rust devils (Depths:2)
  9 meliai
  8 cane toads
  15 elephants
  A smoke demon (Depths:2)
  13 vault sentinels
  5 black mambas
  8 torpor snails
  Maggie (D:7)
  3 molten gargoyles (Lair:5)
  An unseen horror (D:12)
  A gargoyle (D:13)
  A kobold demonologist (D:12)
  4 rime drakes
  13 komodo dragons
  29 yaktaurs
  2 freezing wraiths
  A spectral glowing shapeshifter (Depths:3)
  2 yaktaur zombies (Vaults:3)
  3 trolls
  2 tengu conjurers
  2 guardian mummies (Depths:3)
  A merfolk (shapeshifter) (Depths:2)
  3 hydra zombies (Swamp:4)
  A bloated husk (Swamp:1)
  15 hornets
  2 shadow dragon simulacra
  21 tarantellas
  6 tyrant leeches
  2 glass eyes
  6 blink frogs
  4 raiju (Abyss:3)
  31 culicivoras
  A dream sheep (shapeshifter) (Depths:3)
  36 slime creatures
  45 jumping spiders
  6 air elementals
  A human simulacrum (Vaults:3)
  50 yaks
  17 spriggans
  2 shadows
  4 water elementals
  12 basilisks
  A vampire (D:9)
  6 wyverns
  A fire elemental (Elf:3)
  4 wraiths
  A warg (Orc:2)
  5 steam dragons
  A spriggan simulacrum (Depths:2)
  78 redbacks
  Grum (D:8)
  3 neqoxecs (Abyss:3)
  18 vampire mosquitoes
  15 swamp worms
  6 acid dragons
  Menkaure (D:7)
  3 hell hounds (Lair:5)
  3 hydra simulacra (Swamp:4)
  10 water moccasins
  7 swamp drakes
  2 sky beasts (D:7)
  4 ice beasts
  3 black bears
  2 ogres
  23 orc warriors
  15 laughing skulls
  2 swamp dragon zombies (Swamp:4)
  7 wolves
  A lemure (D:5)
  A phantom (D:4)
  10 centaurs
  4 kobold brigands
  A gnoll sergeant (D:8)
  2 scorpions
  9 bullfrogs
  A glowing shapeshifter simulacrum (Vaults:3)
  An earth elemental (Elf:3)
  4 wights (D:8)
  6 killer bees
  2 electric eels (Elf:3)
  4 howler monkeys
  A bombardier beetle (D:5)
  5 lava snakes (Lair:5)
  3 hounds (D:5)
  A quasit (Abyss:3)
  6 jellies
  17 orc priests
  4 gnoll boudas
  3 iguanas (D:7)
  A sleepcap (D:4)
  23 orc wizards
  7 hell rats (Lair:5)
  20 gnolls
  6 adders
  5 swamp drake zombies (Swamp:4)
  A ribbon worm (D:2)
  3 dart slugs
  77 orcs
  5 bats
  2 endoplasms
  3 giant cockroaches
  7 goblins
  4 hobgoblins
  3 jackals (D:2)
  6 quokkas
  6 ball pythons
  3 frilled lizards
  31 kobolds
  7 rats
  2 aspiring fleshes (Depths:4)
1813 creatures vanquished.

Vanquished Creatures (collateral kills)
  An orb of fire (Zot:2)
  A death cob (Zot:2)
  A draconian annihilator (Zot:2)
  A centaur warrior (D:10)
  A two-headed ogre (D:10)
  A deep troll shaman (Depths:1)
  Urug (Lair:1)
  2 iron trolls (Depths:1)
  A deep troll (Depths:1)
  Pikel (D:5)
  A wolf spider (Spider:1)
  A moth of wrath (Zot:2)
  A hornet (Lair:3)
  3 redbacks (Spider:1)
  A kobold brigand (D:10)
  2 killer bees (D:11)
  3 kobolds
23 creatures vanquished.

Vanquished Creatures (others)
  An eldritch tentacle (Zot:2)
  A fire giant (Depths:1)
  2 bloated husks (Swamp:1)
  22 foxfires
26 creatures vanquished.

Grand Total: 1862 creatures vanquished

Notes
Turn   | Place    | Note
-------+----------+-------------------------------------------
     0 | D:1      | McSplat the Draconian Ice Elementalist began the quest for
                  | the Orb.
     0 | D:1      | Reached XP level 1. HP: 14/14 MP: 3/3
   359 | D:1      | Found a faded altar of an unknown god.
   482 | D:1      | Reached XP level 2. HP: 20/20 MP: 3/5
   928 | D:2      | Reached XP level 3. HP: 26/26 MP: 4/6
  1021 | D:2      | Reached skill level 1 in Short Blades
  1142 | D:2      | Learned a level 3 spell: Frozen Ramparts
  1146 | D:2      | Learned a level 3 spell: Ozocubu's Armour
  1646 | D:3      | Found Weoq's Assorted Antiques.
  1651 | D:3      | Bought a scroll labelled ERADEAGEOD for 26 gold pieces
  1687 | D:3      | Reached XP level 4. HP: 10/33 MP: 0/8
  1944 | D:3      | Reached skill level 5 in Ice Magic
  1977 | D:3      | Reached XP level 5. HP: 38/38 MP: 5/9
  1977 | D:3      | Bought a scroll labelled TINEUMME PYPH for 26 gold pieces
  2665 | D:4      | Reached skill level 1 in Staves
  2725 | D:4      | Learned a level 3 spell: Summon Ice Beast
  2938 | D:4      | Noticed a black bear
  3098 | D:4      | Noticed a phantom
  3335 | D:5      | Entered Level 5 of the Dungeon
  3346 | D:5      | Noticed a water moccasin
  3353 | D:5      | Reached skill level 1 in Summonings
  3353 | D:5      | Killed a water moccasin
  3354 | D:5      | Reached XP level 6. HP: 45/45 MP: 2/10
  3778 | D:5      | Your scales start taking on a dull iron-grey colour.
  3778 | D:5      | Reached XP level 7. HP: 40/50 MP: 4/11
  3916 | D:5      | Reached skill level 1 in Evocations
  3981 | D:5      | Learned a level 2 spell: Searing Ray
  4203 | D:5      | Reached skill level 1 in Conjurations
  4436 | D:6      | Found a large runed translucent door.
  4437 | D:6      | Found a large runed translucent door.
  4439 | D:6      | Noticed Biggs's ghost (novice DjCj)
  4477 | D:6      | Noticed a steam dragon
  4649 | D:6      | Noticed Pikel
  4674 | D:5      | Killed Pikel
  4675 | D:5      | Reached skill level 5 in Staves
  4675 | D:5      | Reached skill level 5 in Dodging
  4675 | D:5      | Reached XP level 8. HP: 34/57 MP: 1/13
  4811 | D:6      | Found a staircase to the Ecumenical Temple.
  4821 | Temple   | Entered the Ecumenical Temple
  4825 | Temple   | Became a worshipper of Dithmenos the Shadowed
  5016 | D:6      | Found a radiant altar of Vehumet.
  5571 | D:6      | Found a glowing silver altar of Zin.
  5629 | D:6      | Identified a scroll of acquirement
  5657 | D:6      | Acquired the +12 quick blade "Mexatha" {drain, rC+ Dex+3}
  5779 | D:7      | Reached XP level 9. HP: 62/62 MP: 9/16
  5781 | D:7      | Learned a level 1 spell: Magic Dart
  5877 | D:7      | Noticed Menkaure
  5888 | D:7      | Killed Menkaure
  5889 | D:7      | Reached skill level 1 in Fighting
  6013 | D:7      | Noticed Joseph
  6066 | D:7      | Noticed Maggie
  6084 | D:7      | Killed Maggie
  6085 | D:7      | Reached skill level 5 in Spellcasting
  6432 | D:7      | Reached * piety under Dithmenos
  6856 | D:7      | Reached skill level 5 in Short Blades
  7190 | D:8      | Noticed Grum
  7197 | D:8      | Reached XP level 10. HP: 80/80 MP: 14/17
  7201 | D:8      | Killed Grum
  7498 | D:8      | Reached skill level 5 in Fighting
  7647 | D:9      | Reached ** piety under Dithmenos
  8443 | D:10     | Entered Level 10 of the Dungeon
  8477 | D:10     | Noticed a centaur warrior
  8485 | D:10     | Killed a centaur warrior
  8515 | D:10     | Found a staircase to the Lair.
  8797 | D:10     | Reached XP level 11. HP: 91/91 MP: 18/18
  8802 | D:10     | Reached *** piety under Dithmenos
  9128 | D:10     | Noticed a two-headed ogre
  9128 | D:10     | Noticed a two-headed ogre
  9131 | D:10     | Killed a two-headed ogre
  9132 | D:10     | Reached skill level 1 in Invocations
  9136 | D:10     | Killed a two-headed ogre
  9140 | D:10     | Found the +8 pair of quick blades "Gyre" and "Gimble"
                  | {protect}
  9328 | Lair:1   | Entered Level 1 of the Lair of Beasts
  9378 | Lair:1   | Found the +8 trident of the Octopus King {venom, rElec
                  | rPois}
  9482 | Lair:1   | Reached skill level 10 in Short Blades
  9786 | Lair:1   | Noticed a lindwurm
  9801 | Lair:1   | Noticed Urug
  9809 | Lair:1   | Killed Urug
 10443 | Lair:2   | Found a hole to the Spider Nest.
 10452 | Lair:2   | Found an opulent altar of Gozag.
 10469 | Lair:2   | Noticed a spriggan druid
 10469 | Lair:2   | Noticed a spriggan druid
 10471 | Lair:2   | Paralysed by a hornet for 2 turns
 10476 | Lair:2   | Noticed a five-headed hydra
 10711 | Lair:1   | Reached **** piety under Dithmenos
 10815 | Lair:2   | Reached XP level 12. HP: 99/103 MP: 19/19
 11722 | Lair:2   | Killed a five-headed hydra
 11867 | Lair:2   | Found a staircase to the Swamp.
 12062 | Lair:3   | Noticed a catoblepas
 12073 | Lair:3   | Killed a catoblepas
 12160 | Lair:3   | Found a one-way gate to the infinite horrors of the Abyss.
 12160 | Lair:3   | Noticed KennySheep's ghost (journeyman NaAl)
 12161 | Lair:3   | Noticed a cacodemon
 12165 | Lair:3   | Found a transporter.
 12167 | Lair:3   | Noticed a hell hog
 12198 | Lair:3   | Reached skill level 10 in Dodging
 12590 | Lair:3   | Found a transporter.
 12901 | Lair:4   | Reached skill level 10 in Fighting
 12971 | Lair:4   | Noticed Rupert
 13067 | Lair:4   | Reached ***** piety under Dithmenos
 13146 | Lair:4   | Reached XP level 13. HP: 98/113 MP: 20/20
 13564 | Lair:4   | Identified the +9 orcbow "Wyohu" {drain, Dex+3}
 13580 | Lair:4   | Reached skill level 5 in Stealth
 14209 | Lair:5   | Entered Level 5 of the Lair of Beasts
 14223 | Lair:5   | Acquired Pebb's Codex of Creation and Beguiling
 14228 | Lair:5   | Learned a level 2 spell: Ensorcelled Hibernation
 14228 | Lair:5   | Acquired 527 gold pieces
 14306 | Lair:5   | Reached skill level 1 in Hexes
 15097 | Lair:5   | Found a staircase to the Slime Pits.
 15108 | Lair:5   | Found a viscous altar of Jiyva.
 15331 | Lair:5   | Found a large runed translucent door.
 15397 | Lair:5   | Found a large runed translucent door.
 15423 | Lair:5   | Reached XP level 14. HP: 115/127 MP: 12/21
 16051 | D:11     | Found Filel's Jewellery Shop.
 16069 | D:11     | Found a shadowy altar of Dithmenos.
 16615 | D:12     | Found Faujam's Antique Armour Shoppe.
 16645 | D:12     | Reached ****** piety under Dithmenos
 16661 | D:12     | Reached skill level 5 in Invocations
 16765 | D:12     | Found a staircase to the Orcish Mines.
 17637 | Orc:1    | Entered Level 1 of the Orcish Mines
 17838 | Orc:2    | Entered Level 2 of the Orcish Mines
 18151 | D:11     | Bought a ring of magical power for 320 gold pieces
 18494 | Orc:2    | Found a staircase to the Elven Halls.
 19360 | D:3      | Bought a condenser vane for 1040 gold pieces
 19360 | D:3      | Bought a potion of resistance for 260 gold pieces
 19360 | D:3      | Bought a potion of curing for 78 gold pieces
 19360 | D:3      | Bought a scroll of teleportation for 78 gold pieces
 19499 | D:4      | Found a sacrificial altar of Ru.
 20241 | Orc:1    | Found a radiant altar of Vehumet.
 20252 | Orc:1    | Found an iron altar of Okawaru.
 20504 | Orc:2    | Found Etaewona's Antique Weapon Shop.
 20504 | Orc:2    | Found Irghoibla's Weapon Shoppe.
 20509 | Orc:2    | Reached skill level 10 in Stealth
 20512 | Orc:2    | Found Varucuurph's Antique Weapon Shop.
 20512 | Orc:2    | Found Igemperr's Antique Weapon Shoppe.
 20955 | D:13     | Found a gate to the Vaults.
 21243 | D:13     | Reached XP level 15. HP: 115/138 MP: 22/22
 21336 | D:13     | Learned a level 4 spell: Brom's Barrelling Boulder
 21366 | D:13     | Identified the granite talisman of Gextan {Int-2 Dex-2
                  | Slay+6 Stlth+}
 21530 | D:13     | Reached skill level 10 in Invocations
 21535 | D:13     | Reached skill level 1 in Earth Magic
 23112 | D:15     | Entered Level 15 of the Dungeon
 23394 | D:15     | Found a transporter.
 23399 | D:15     | Found a transporter.
 23409 | D:15     | Found a transporter.
 23414 | D:15     | Found a transporter.
 23649 | D:15     | Found a staircase to the Depths.
 23732 | D:15     | Learned a level 5 spell: Borgnjor's Vile Clutch
 23744 | D:15     | Found a transporter.
 23749 | D:15     | Found a transporter.
 24007 | Swamp:1  | Entered Level 1 of the Swamp
 24033 | Swamp:1  | Reached skill level 1 in Necromancy
 24230 | Swamp:1  | Found a blossoming altar of Fedhas.
 24260 | Swamp:1  | Reached skill level 5 in Earth Magic
 24303 | Swamp:1  | Reached skill level 15 in Fighting
 24946 | Swamp:1  | Reached skill level 5 in Necromancy
 25168 | Swamp:2  | Noticed a fenstrider witch
 25174 | Swamp:2  | Acquired the +0 pair of gloves of the Vaults {rF+ Stlth+}
 25183 | Swamp:2  | Noticed a tentacled monstrosity
 25184 | Swamp:2  | Killed a fenstrider witch
 25363 | Swamp:2  | Reached XP level 16. HP: 78/151 MP: 23/23
 25724 | Swamp:2  | Killed a tentacled monstrosity
 26212 | Swamp:3  | Noticed a thorn hunter
 26706 | Swamp:3  | Killed a thorn hunter
 26885 | Swamp:4  | Entered Level 4 of the Swamp
 27081 | Swamp:4  | Found a transporter.
 27086 | Swamp:4  | Found a transporter.
 27122 | Swamp:4  | Noticed Rualuul's ghost (adept MfBe)
 27125 | Swamp:4  | Found a bloodstained altar of Trog.
 27399 | Swamp:4  | Noticed a thorn hunter
 27399 | Swamp:4  | Noticed a thorn hunter
 28208 | Swamp:4  | HP: 7/153 [poisoned by a swamp dragon (poison gas)]
 28429 | Swamp:4  | Killed a thorn hunter
 28534 | Swamp:4  | Noticed a thorn hunter
 28536 | Swamp:4  | Found a blossoming altar of Fedhas.
 28565 | Swamp:4  | Killed a thorn hunter
 28704 | Swamp:4  | Killed a thorn hunter
 28750 | Swamp:4  | Found a basalt altar of Yredelemnul.
 28770 | Swamp:4  | Got a decaying rune of Zot
 28927 | Spider:1 | Entered Level 1 of the Spider Nest
 28955 | Lair:2   | Reached XP level 17. HP: 49/163 MP: 24/24
 29923 | Spider:1 | Reached skill level 5 in Evocations
 30959 | Spider:2 | Identified the +7 scimitar "Joeste" {freeze, Int+6}
 31361 | Spider:3 | Noticed Arachne
 31916 | Spider:3 | Killed Arachne
 33669 | Spider:4 | Entered Level 4 of the Spider Nest
 33678 | Spider:4 | Reached XP level 18. HP: 176/176 MP: 25/25
 33869 | Spider:4 | Found a runed translucent door.
 33879 | Spider:4 | Noticed inkslinger's ghost (adept DjIE)
 34472 | Spider:4 | Identified the +2 ring mail of Uskayaw's Pride {rC+ Will++}
 35495 | Spider:4 | Identified the serpent talisman of Uskayaw's Generosity
                  | {rN+ Will- Str+5 Stlth-}
 35495 | Spider:4 | Noticed Aizul
 35952 | Spider:4 | Paralysed by a jorogumo for 3 turns
 36166 | Spider:4 | Killed Aizul
 36363 | Spider:4 | Identified the +1 sling of Wrongful Imprisonment {heavy,
                  | rN+++ rCorr MP-9 Str-3}
 36435 | Spider:4 | Got a gossamer rune of Zot
 36987 | Vaults:1 | Entered Level 1 of the Vaults
 37186 | Vaults:1 | Reached skill level 10 in Evocations
 37687 | Vaults:1 | Found Jejoam's General Store.
 37690 | Vaults:1 | Bought a scroll of fear for 48 gold pieces
 38038 | Vaults:1 | Reached skill level 15 in Dodging
 38038 | Vaults:1 | Reached XP level 19. HP: 133/185 MP: 26/26
 38851 | Vaults:2 | Identified the +11 orcbow "Podegothai" {flame, Int+3}
 38992 | Vaults:2 | Noticed Bai Suzhen
 39540 | Vaults:2 | Found Qyughaty's Magic Scroll Shop.
 39544 | Vaults:2 | Bought a scroll of fear for 52 gold pieces
 39544 | Vaults:2 | Bought a scroll of silence for 123 gold pieces
 40036 | Vaults:3 | Found a staircase to the Crypt.
 42033 | Vaults:3 | Reached XP level 20. HP: 133/193 MP: 19/27
 42503 | Vaults:4 | Noticed Mennas
 42729 | Vaults:4 | Found Utourr's General Store.
 42738 | Vaults:4 | Bought a scroll of revelation for 127 gold pieces
 42738 | Vaults:4 | Bought a scroll of revelation for 127 gold pieces
 44165 | Depths:1 | Entered Level 1 of the Depths
 44224 | Depths:1 | Found a sparkling altar of Nemelex Xobeh.
 44348 | Depths:1 | Found a gateway to Hell.
 44819 | Depths:1 | Found a one-way gateway to a ziggurat.
 45213 | Depths:1 | Noticed a dread lich
 45497 | Depths:1 | Reached skill level 10 in Earth Magic
 45739 | Elf:1    | Entered Level 1 of the Elven Halls
 45776 | Elf:1    | Paralysed by an air elemental for 1 turns
 45877 | Elf:1    | Found Uttempes's Antique Weapon Emporium.
 46048 | Elf:1    | Paralysed by an air elemental for 1 turns
 46050 | Abyss:2  | Cast into level 2 of the Abyss (a deep elf sorcerer)
 46064 | Abyss:3  | Found a corrupted altar of Lugonu.
 46108 | Abyss:3  | Gained mutation: Your health recovers twice as slowly from
                  | being drained. [a cacodemon]
 46113 | Abyss:3  | Found a corrupted altar of Lugonu.
 46169 | Abyss:3  | Found a corrupted altar of Lugonu.
 46182 | Abyss:3  | Found a radiant altar of Vehumet.
 46183 | Abyss:3  | Found a radiant altar of Vehumet.
 46201 | Abyss:3  | Found a glowing golden altar of the Shining One.
 46272 | Abyss:3  | Noticed a juggernaut
 46285 | Abyss:3  | Killed a juggernaut
 46291 | Abyss:3  | Got an abyssal rune of Zot
 46501 | Abyss:3  | Lost mutation: Your health recovers twice as slowly from
                  | being drained. [potion of mutation]
 46501 | Abyss:3  | Gained mutation: Your tail ends in a venomous barb. [potion
                  | of mutation]
 46501 | Abyss:3  | Gained mutation: You have large cloven feet. [potion of
                  | mutation]
 46501 | Abyss:3  | Gained mutation: You are occasionally teleported next to
                  | monsters. [potion of mutation]
 46501 | Abyss:3  | Gained mutation: You are somewhat resistant to further
                  | mutation. [potion of mutation]
 46566 | Elf:1    | Escaped the Abyss
 46648 | Elf:1    | Identified the +10 whip "Giantslayer" {flame, Str+2}
 46654 | Elf:1    | Got the Dissertation on Assaults and the Gathering
 47459 | Elf:2    | Reached XP level 21. HP: 188/189 MP: 28/28
 47582 | Elf:2    | Found a runed translucent gate.
 47583 | Elf:2    | Found a runed translucent gate.
 47583 | Elf:2    | Found a runed translucent gate.
 47959 | Elf:2    | Reached skill level 5 in Conjurations
 48009 | Elf:2    | Lost mutation: You are somewhat resistant to further
                  | mutation. [potion of mutation]
 48009 | Elf:2    | Lost mutation: You are occasionally teleported next to
                  | monsters. [potion of mutation]
 48009 | Elf:2    | Lost mutation: You have large cloven feet. [potion of
                  | mutation]
 48009 | Elf:2    | Gained mutation: You are occasionally teleported next to
                  | monsters. [potion of mutation]
 48010 | Elf:2    | Lost mutation: Your tail ends in a venomous barb. [potion
                  | of mutation]
 48010 | Elf:2    | Lost mutation: You are occasionally teleported next to
                  | monsters. [potion of mutation]
 48010 | Elf:2    | Gained mutation: You are weak. (Str -2) [potion of
                  | mutation]
 48010 | Elf:2    | Gained mutation: You have supernaturally acute eyesight.
                  | (SInv) [potion of mutation]
 48491 | Elf:1    | Found a radiant altar of Vehumet.
 48780 | Elf:3    | Entered Level 3 of the Elven Halls
 49481 | Elf:3    | Reached skill level 10 in Necromancy
 50666 | Elf:3    | Identified the +2 leather armour of the Game Afoot {Will+
                  | MP+9}
 50666 | Elf:3    | Identified the ring of Life {Fire rN+ Slay+2}
 51126 | Elf:3    | Identified the +2 scale mail "Jukick" {rC++ Int+6 Stlth-}
 51133 | Elf:3    | Reached skill level 10 in Conjurations
 51552 | Elf:3    | Identified the +1 plate armour "Zyiqiogh" {MP+9}
 51737 | Elf:3    | Got Qeurousm's Volume of Transforming Terra Firma
 51928 | Elf:3    | Got the Verses on the Polar Lungs
 51933 | Elf:3    | Identified the +2 ring mail of Bobub {Fly rCorr}
 52036 | Elf:3    | Learned a level 6 spell: Permafrost Eruption
 52043 | Elf:3    | Learned a level 6 spell: Bombard
 52058 | Elf:3    | Learned a level 5 spell: Lee's Rapid Deconstruction
 52347 | Depths:1 | Killed a dread lich
 52463 | Depths:1 | Found Vaopp's Changing Room.
 52988 | Depths:1 | Got Kikubaaqudgha's Elucidation of Zombies
 53190 | Depths:2 | Reached XP level 22. HP: 176/187 MP: 33/33
 53424 | Depths:2 | Identified the +9 trident "Gilu" {heavy, +Blink rF++ rN+
                  | MP+9 Int-4}
 54040 | Depths:2 | Upgraded the game from 0.32-a0-876-gcfddb08e57 to
                  | 0.32-a0-886-g41c5271027
 54057 | Depths:2 | Noticed a caustic shrike
 54066 | Depths:2 | Killed a caustic shrike
 54084 | Depths:2 | Reached skill level 15 in Earth Magic
 54510 | Depths:2 | Identified the ring "Giazair" {Fly Will+ EV+5}
 54557 | Depths:2 | Found a bloodstained altar of Trog.
 55056 | Depths:2 | Found an opulent altar of Gozag.
 55523 | Depths:2 | Found a one-way gate leading to the halls of Pandemonium.
 55606 | Depths:2 | Noticed a golden dragon
 55612 | Depths:2 | Killed a golden dragon
 55924 | Depths:3 | Found a stormy altar of Qazlal.
 56354 | Depths:3 | Reached skill level 10 in Spellcasting
 56362 | Depths:3 | Learned a level 7 spell: Orb of Destruction
 56664 | Depths:4 | Entered Level 4 of the Depths
 56664 | Depths:4 | Found a huge runed translucent gate.
 56664 | Depths:4 | Found a huge runed translucent gate.
 56664 | Depths:4 | Found a huge runed translucent gate.
 56664 | Depths:4 | Found a huge runed translucent gate.
 56664 | Depths:4 | Found a huge runed translucent gate.
 56664 | Depths:4 | Found a huge runed translucent gate.
 56664 | Depths:4 | Found a huge runed translucent gate.
 56664 | Depths:4 | Found a huge runed translucent gate.
 56664 | Depths:4 | Found a huge runed translucent gate.
 56664 | Depths:4 | Found a huge runed translucent gate.
 56664 | Depths:4 | Found a huge runed translucent gate.
 56664 | Depths:4 | Found a huge runed translucent gate.
 56963 | Depths:4 | Noticed a golden dragon
 56981 | Depths:4 | Noticed a golden dragon
 56987 | Depths:4 | Killed a golden dragon
 56996 | Depths:4 | Killed a golden dragon
 57002 | Depths:4 | Noticed a juggernaut
 57260 | Depths:4 | Found a huge runed translucent gate.
 57260 | Depths:4 | Found a huge runed translucent gate.
 57632 | Depths:4 | Found a huge runed translucent gate.
 57664 | Depths:4 | Killed a juggernaut
 57726 | Depths:4 | Found a huge runed translucent gate.
 57925 | Depths:4 | Noticed a caustic shrike
 57925 | Depths:4 | Noticed a caustic shrike
 57929 | Depths:4 | Noticed a caustic shrike
 58009 | Depths:4 | Reached XP level 23. HP: 215/215 MP: 37/37
 58102 | Depths:4 | Found a huge runed translucent gate.
 58103 | Depths:4 | Found a huge runed translucent gate.
 58103 | Depths:4 | Found a huge runed translucent gate.
 58103 | Depths:4 | Found a huge runed translucent gate.
 58104 | Depths:4 | Found a huge runed translucent gate.
 58105 | Depths:4 | Found a huge runed translucent gate.
 58106 | Depths:4 | Found a huge runed translucent gate.
 58106 | Depths:4 | Found a huge runed translucent gate.
 58107 | Depths:4 | Found a huge runed translucent gate.
 58107 | Depths:4 | Found a huge runed translucent gate.
 58108 | Depths:4 | Found a huge runed translucent gate.
 58109 | Depths:4 | Found a huge runed translucent gate.
 58110 | Depths:4 | Found a huge runed translucent gate.
 58111 | Depths:4 | Found a huge runed translucent gate.
 58111 | Depths:4 | Found a huge runed translucent gate.
 58114 | Depths:4 | Found a huge runed translucent gate.
 58115 | Depths:4 | Found a huge runed translucent gate.
 58119 | Depths:4 | Found a huge runed translucent gate.
 58163 | Depths:4 | Found a huge runed translucent gate.
 58165 | Depths:4 | Found a huge runed translucent gate.
 58218 | Depths:4 | Killed a caustic shrike
 58239 | Depths:4 | Killed a caustic shrike
 58401 | Depths:4 | Killed a caustic shrike
 58843 | Depths:4 | Noticed a juggernaut
 58887 | Depths:4 | Killed a juggernaut
 59042 | Depths:4 | Found a gate to the Realm of Zot.
 59398 | Depths:4 | Reached skill level 15 in Conjurations
 59974 | Vaults:2 | Bought a scroll of teleportation for 39 gold pieces
 59974 | Vaults:2 | Bought a scroll of teleportation for 39 gold pieces
 60222 | Zot:1    | Entered Level 1 of the Realm of Zot
 61016 | Zot:1    | Upgraded the game from 0.32-a0-886-g41c5271027 to
                  | 0.32-a0-893-gf85d74f360
 62506 | Zot:1    | Reached skill level 15 in Short Blades
 62720 | Zot:2    | Noticed an orb of fire
 62749 | Zot:2    | Gained mutation: You do not regenerate when monsters are
                  | visible. [an orb of fire]
 62752 | Zot:2    | Gained mutation: You are frail. (-10% HP) [an orb of fire]
 62777 | Zot:2    | Gained mutation: Your spells are a little easier to cast,
                  | but a little less powerful. [an orb of fire]
 62782 | Zot:2    | Killed an orb of fire
 63153 | Zot:1    | Lost mutation: You have supernaturally acute eyesight.
                  | (SInv) [potion of mutation]
 63153 | Zot:1    | Lost mutation: You are weak. (Str -2) [potion of mutation]
 63153 | Zot:1    | Gained mutation: You are clumsy. (Dex -2) [potion of
                  | mutation]
 63153 | Zot:1    | Gained mutation: You have large cloven feet. [potion of
                  | mutation]
 63154 | Zot:1    | Lost mutation: Your spells are a little easier to cast, but
                  | a little less powerful. [potion of mutation]
 63154 | Zot:1    | Lost mutation: You have large cloven feet. [potion of
                  | mutation]
 63154 | Zot:1    | Lost mutation: You are frail. (-10% HP) [potion of
                  | mutation]
 63154 | Zot:1    | Gained mutation: Your large and strong wings let you fly.
                  | [potion of mutation]
 63154 | Zot:1    | Gained mutation: You are occasionally teleported next to
                  | monsters. [potion of mutation]
 63154 | Zot:1    | Gained mutation: You are strong-willed. (Will+) [potion of
                  | mutation]
 63155 | Zot:1    | Lost mutation: Your large and strong wings let you fly.
                  | [potion of mutation]
 63155 | Zot:1    | Lost mutation: You are strong-willed. (Will+) [potion of
                  | mutation]
 63155 | Zot:1    | Lost mutation: You do not regenerate when monsters are
                  | visible. [potion of mutation]
 63155 | Zot:1    | Gained mutation: You expend magic power (3 MP) to
                  | strengthen your wands. [potion of mutation]
 63155 | Zot:1    | Gained mutation: Your tail ends in a venomous barb. [potion
                  | of mutation]
 63155 | Zot:1    | Gained mutation: Your mind is acute. (Int +4, Str/Dex -1)
                  | [potion of mutation]
 63156 | Zot:1    | Lost mutation: You are occasionally teleported next to
                  | monsters. [potion of mutation]
 63156 | Zot:1    | Lost mutation: Your tail ends in a venomous barb. [potion
                  | of mutation]
 63156 | Zot:1    | Gained mutation: Your large and strong wings let you fly.
                  | [potion of mutation]
 63156 | Zot:1    | Gained mutation: Your flesh is cold resistant. (rC+)
                  | [potion of mutation]
 63734 | Zot:1    | Identified the ring "Uvofyili" {Ice +Blink Str+5 Int-5}
 63734 | Zot:1    | Noticed Josephina
 63751 | Zot:1    | HP: 6/213 [quicksilver dragon/bolt of dispelling energy
                  | (26)]
 63754 | Zot:1    | Killed from afar by a quicksilver dragon

Illustrated notes

Levels and vault maps discovered:
D:1:      dpeg_arrival_rooms_b, layout_rooms,
          shapermc_ecumenical_altar_hornbeckon, fountainhead
D:2:      layout_loops_ring, grunt_ministairs_8
D:3:      layout_loops_cross, serial_shops, shop, minmay_misc_feat_hallway,
          supply_closet_lemuel, minivault_11, minivault_14
D:4:      cheibrodos_old_hovel, layout_basic, marbit_many_paths
D:5:      layout_basic
D:6:      layout_gridville, nicolae_overflow_hidden_temple,
          minmay_temple_entry_junction, ebering_ghost_disaster_area,
          kennysheep_generic_room_7, uniq_pikel, uniq_duvessa
D:7:      layout_loops_ring, grunt_ministairs_7, uniq_joseph, uniq_maggie,
          uniq_menkaure
D:8:      layout_rooms, nicolae_grassy_gnolls, uniq_grum
D:9:      layout_basic, minmay_tree_intersection
D:10:     layout_basic, david_lair_generic,
          hellmonk_guarded_unrand_gyre_and_gimble
D:11:     layout_cave_pools, serial_shops, shop,
          grunt_dithmenos_smoke_and_mirrors
D:12:     layout_basic, orc_0_dummy, serial_shops, shop,
          minmay_misc_feat_enclosed, minmay_joined_circles
D:13:     layout_rooms, erik_vaults_2, special_room [special_room_orc]
D:14:     layout_irregular_city, nicolae_kite_square_tiling_tiny, serial_rivers,
          chequers_serial_rivers_micro_d, chequers_serial_rivers_micro_d,
          chequers_serial_rivers_room_a, chequers_serial_rivers_small_3,
          chequers_serial_rivers_micro_a, minmay_misc_feat_rugged
D:15:     hangedman_depths_entry_try_elsewhere_first, layout_long_grid,
          minmay_misc_feat_secret_circle, serial_nicolae_subway,
          nicolae_sub_station_stone, nicolae_sub_station_crystal,
          nicolae_sub_station_metal
Temple:   sentei_temple_godly_chess
Lair:1:   layout_cave_pods, nicolae_volcano_entry_vermiform,
          serial_bayou_shore_a, uniq_urug
Lair:2:   layout_regular_city, mainiacjoe_swamp_entry_angry_trees,
          nicolae_spider_entry_tight_spaces, basic_altar
Lair:3:   layout_small_grid, gammafunk_ghost_abyssal_escape
Lair:4:   layout_regular_city, lemuel_fruit_fields, grunt_megastairs_2,
          uniq_rupert
Lair:5:   cheibrodos_lair_end_hotspot, layout_cave_pods,
          nicolae_slime_entry_field_trip
Swamp:1:  nicolae_swamp_flooded_prison, layout_basic_swamp,
          hangedman_swamp_ruin_wall, swamp_pool_1_2, nicolae_swamp_godswood
Swamp:2:  layout_basic_swamp, hangedman_swamp_ruin_hall, nicolae_swamp_big_swirl
Swamp:3:  layout_basic_swamp, evilmike_swamp_ruin_house_6
Swamp:4:  byrel_swamp_growth_death_and_undeath, layout_basic_swamp,
          gammafunk_ghost_wrathful_warriors
Spider:1: layout_spider_delve
Spider:2: layout_spider_delve
Spider:3: layout_spider_delve, uniq_arachne
Spider:4: johnstein_spider_rune_arachne_lair, ebering_ghost_inner_flame,
          uniq_aizul
Orc:1:    layout_caves, basic_altar, okawaru_metal_pillars_3
Orc:2:    grunt_orc_tribal_feast, layout_caves
Elf:1:    elf_arrival_002, layout_gridlike, minmay_elf_sorcery,
          nicolae_take_the_stairs, lemuel_upstairs_altar
Elf:2:    nicolae_elf_blades_crystal_corner, layout_onion_city
Elf:3:    elf_hall, layout_geoelf_castle
Vaults:1: hangedman_vaults_nodes, hangedman_vaults_nails,
          nicolae_vaults_layer_cake_slice, v_misc_30,
          nicolae_vaults_border_crossing, grunt_vaults_funnel,
          nicolae_vaults_house_3, layout_vaults_omnigrid, serial_shops,
          nicolae_shop_tiny_real_fake_doors
Vaults:2: nicolae_vaults_tetromino_L_1, nicolae_vaults_wrenched, v_rooms_2,
          nicolae_vaults_shock_wave, v_pattern_4, nicolae_vaults_diamond_2,
          ontoclasm_vaults_gateway, nicolae_vaults_door_testing_chamber,
          layout_vaults_big_room, serial_shops, nicolae_shop_stone,
          uniq_bai_suzhen
Vaults:3: grunt_vaults_hallway_long, nicolae_vaults_double_plus_3,
          minmay_crypt_entry_simple_round, hangedman_vaults_snaps,
          lightli_orcish_oven, grunt_vaults_bifocal, v_misc_8,
          nicolae_vaults_storage_closets_3, nicolae_vaults_surprise_closet_hard,
          ontoclasm_vaults_chip, v_misc_2, ontoclasm_vaults_fault,
          ontoclasm_vaults_twist, nicolae_vaults_little_squares_3,
          layout_vaults_omnibox
Vaults:4: nicolae_vaults_more_shelving_1, vaults_room_fancy_cross, v_misc_19,
          nicolae_vaults_storage_room_doors, vaults_room_door_ring,
          nicolae_vaults_more_shelving_2, nicolae_vaults_storage_closets_1,
          vaults_room_hallway, nicolae_vaults_six-pack,
          nicolae_vaults_three_branches, nicolae_vaults_doubleplus_tesselated,
          st_lines, nicolae_vaults_octothorpe, layout_vaults_maze, serial_shops,
          shop, uniq_mennas
Depths:1: layout_basic, enter_ziggurat_a, minmay_misc_feat_five,
          hangedman_coc_ice_floe, special_room [special_room_morgue],
          nicolae_hexahallways, nicolae_transmutations_shop,
          nemelex_lonely_heart_becter
Depths:2: minmay_swirls_squares, layout_honeycomb, grunt_pan_entry_zigzag,
          hell_entry, nicolae_gozag_seed_capital, evilmike_spriggan_trog_shrine,
          minmay_staircase_bubble
Depths:3: lemuel_minitomb, layout_basic, abyss_entry, hell_entry,
          nicolae_qazlal_general_emergency, nicolae_integral_box, uniq_margery
Depths:4: evilmike_zot_entry_diamond, layout_twisted_cross,
          gammafunk_ghost_door_vault, serial_co_window_serial,
          co_window_paths_b, co_window_paths_a, co_window_paths_b,
          co_window_corner_a, co_window_cross_1, co_window_cross_1,
          co_window_broadway_c, co_window_unsneaky_path_c, co_window_corner_cb,
          co_window_paths_c, grunt_hell_horde, serial_sigils_hangedman_gut
Zot:1:    layout_twisted_circle, grunt_ministairs_2, uniq_josephina
Zot:2:    layout_misc_corridors, bh_zot_lava_cross

Skill      XL: |  1  2  3  4  5  6  7  8  9 10 11 12 13 14 15 16 17 18 19 20 21 22 23 |
---------------+----------------------------------------------------------------------+-----
Dodging        | 2 3 5 6 8 9 10 12 15 18 20 | 20.0
Short Blades   | 1 2 6 8 11 14 16 | 16.1
Stealth        | 2 7 10 | 10.0
Ice Magic      | 5 8 |  8.0
Staves         | 2 3 5 6 |  6.7
Spellcasting   | 3 4 5 7 10 | 10.0
Summonings     | 1 2 3 |  3.0
Evocations     | 1 3 7 10 | 10.0
Conjurations   | 2 4 10 13 16 | 16.0
Fighting       | 4 6 8 10 12 14 16 17 19 20 | 20.0
Invocations    | 1 3 9 10 | 10.0
Hexes          | 2 |  2.0
Earth Magic    | 5 8 13 14 16 | 16.0
Necromancy     | 5 8 10 | 10.0

Action                     |  1- 3 |  4- 6 |  7- 9 | 10-12 | 13-15 | 16-18 | 19-21 | 22-24 || total
---------------------------+-------+-------+-------+-------+-------+-------+-------+-------++-------
  Melee: Dagger            |    46 |     8 |       |       |       |       |       |       ||    54
         Unarmed           |     1 |       |       |       |       |       |       |       ||     1
         Tailslap          |     3 |     4 |    24 |   237 |   734 |  1231 |  1736 |  1183 ||  5152
         Quarterstaff      |       |    54 |    77 |       |       |       |       |       ||   131
         Quick blade       |       |       |   115 |   198 |       |    26 |       |       ||   339
         Pair of quick bla |       |       |       |   927 |  3437 |  5016 |  6078 |  3825 || 19283
   Cast: Freeze            |    32 |    24 |    25 |       |       |       |       |       ||    81
         Frozen Ramparts   |     2 |    10 |    21 |    11 |    35 |    31 |    12 |       ||   122
         Ozocubu's Armour  |       |     3 |     9 |     8 |    27 |    39 |    29 |    20 ||   135
         Summon Ice Beast  |       |       |     4 |     7 |     7 |       |       |       ||    18
         Magic Dart        |       |       |     5 |    27 |    54 |   222 |    36 |    67 ||   411
         Searing Ray       |       |       |       |     6 |    13 |     3 |     5 |       ||    27
         Ensorcelled Hiber |       |       |       |       |    11 |     9 |     2 |     1 ||    23
         Brom's Barrelling |       |       |       |       |     4 |     2 |     5 |     2 ||    13
         Borgnjor's Vile C |       |       |       |       |     2 |    89 |   112 |    58 ||   261
         Bombard           |       |       |       |       |       |       |     9 |    65 ||    74
         Permafrost Erupti |       |       |       |       |       |       |       |    14 ||    14
         Lee's Rapid Decon |       |       |       |       |       |       |       |     9 ||     9
         Orb of Destructio |       |       |       |       |       |       |       |     5 ||     5
 Invoke: Shadow Step       |       |       |       |       |     2 |     3 |    19 |     8 ||    32
Ability: Mud Breath        |       |       |     9 |     8 |    14 |     7 |     8 |    16 ||    62
  Evoke: Wand              |       |       |       |     8 |     5 |     5 |    17 |     3 ||    38
         Phantom mirror    |       |       |       |     2 |       |     1 |     1 |     1 ||     5
         Condenser vane    |       |       |       |       |     1 |     1 |     1 |     1 ||     4
    Use: Scroll            |     1 |     7 |     8 |    13 |    11 |    11 |    16 |     7 ||    74
         Potion            |       |       |     1 |     3 |     1 |     8 |     7 |    10 ||    30
   Stab: Sleeping          |     6 |     4 |     3 |     5 |    43 |    52 |   116 |    23 ||   252
         Distracted        |       |       |       |     1 |     4 |     7 |    15 |     9 ||    36
         Confused          |       |       |       |       |     3 |       |       |       ||     3
 Armour: Skin              |    23 |    59 |   132 |   168 |   448 |  1294 |   948 |   678 ||  3750
  Dodge: Dodged            |    41 |    48 |   108 |   204 |   464 |  1072 |   989 |   657 ||  3583

Table legend: (Time is in decaauts)
 A = Elapsed time spent in this place.
 B = Non-inter-level travel time spent in this place.
 C = Inter-level travel time spent in this place.
 D = Time resting spent in this place.
 E = Time spent auto-exploring this place.
 F = Levels seen in this place.
 G = Mean time per level.
                   A        B        C        D        E       F      G
               +--------+--------+--------+--------+--------+-----+--------+
         Total |  61273 |  54991 |   6282 |  13280 |  28774 |  46 | 1332.0 |
       Dungeon |  15998 |  13701 |   2297 |   2178 |   8924 |  15 | 1066.5 |
        Temple |      8 |      8 |      0 |      0 |      0 |   1 |    8.0 |
          Lair |   7314 |   6297 |   1017 |   1177 |   3758 |   5 | 1462.8 |
         Swamp |   4652 |   4275 |    377 |   1285 |   1823 |   4 | 1163.0 |
   Spider Nest |   7170 |   6625 |    545 |   2109 |   2757 |   4 | 1792.5 |
  Orcish Mines |   2201 |   1896 |    305 |    464 |    999 |   2 | 1100.5 |
   Elven Halls |   5714 |   5378 |    336 |   1187 |   2856 |   3 | 1904.7 |
        Vaults |   6239 |   5639 |    600 |    768 |   3553 |   4 | 1559.8 |
        Depths |   9423 |   8750 |    673 |   2590 |   4071 |   4 | 2355.8 |
           Zot |   2110 |   1982 |    128 |   1368 |     31 |   2 | 1055.0 |
         Abyss |    440 |    440 |      0 |    153 |      2 |   2 |  220.0 |
               +--------+--------+--------+--------+--------+-----+--------+

Top non-repeatable levels by time:
   Elf:3: 3207 daAuts
Depths:4: 2823 daAuts
Spider:4: 2575 daAuts
Depths:1: 2429 daAuts
Depths:2: 2220 daAuts
  Lair:2: 1965 daAuts
Spider:3: 1951 daAuts
Depths:3: 1951 daAuts
Vaults:1: 1817 daAuts
Vaults:2: 1795 daAuts
    D:12: 1756 daAuts
  Lair:5: 1701 daAuts
Spider:2: 1629 daAuts
Vaults:3: 1532 daAuts
   Orc:2: 1483 daAuts
